Workbook
Name Bbl_to_Mcfe: WES!$E$16
Name Company_Name: WES!$E$8
Name Cost_of_Debt: WACC!$F$8
Name Cost_of_Equity: WACC!$L$35
Name Cost_of_Preferred: WACC!$F$9
Name Diluted_Shares: WES!$E$15
Name ERP: WACC!$F$7
Name Hist_Year: WES!$E$10
Name Maint_CapEx_Pct: WES!$E$19
Name Pub_Comps_Op_Params: Pub_Comps!$B$5:$AA$5
Name Pub_Comps_Op_Range: Pub_Comps!$B$5:$AA$21
Name Pub_Comps_Op_Tickers: Pub_Comps!$C$5:$C$21
Name Pub_Comps_Val_Params: Pub_Comps!$B$23:$S$23
Name Pub_Comps_Val_Range: Pub_Comps!$B$23:$S$39
Name Pub_Comps_Val_Tickers: Pub_Comps!$C$23:$C$39
Name RFR: WACC!$F$6
Name Share_Price: WES!$E$14
Name Tax_Rate: WES!$E$18
Name Ticker: WES!$E$9
Name Units: WES!$E$12
Name Val_Date: WES!$E$11
Name WACC: WACC!$L$41

Sheet WES
B2: ="Simplified Cash Flow Projections and DCF Model - "&Company_Name -> Simplified Cash Flow Projections and DCF Model - Western Midstream Partners, LP
B3: ($ in Millions USD Except Per Share Amounts in USD as Stated and Per Unit Figures)
B6: Operating Assumptions: | D6: Units: | L6: =$D$6 -> Units:
C8: Company Name: | D8: Name | E8: Western Midstream Partners, LP | I8: Current Equity Value: | L8: $ M | M8: =Share_Price*Diluted_Shares -> 15665.357
C9: Ticker: | D9: Name | E9: NYSE:WES | I9: (-) Cash & Investments: | L9: $ M | M9: -1090.464
C10: Last Fiscal Year: | D10: Date | E10: 45657 | I10: (-) Net Operating Losses: | L10: $ M | M10: 0
C11: Valuation Date: | D11: Date | E11: 45747 | I11: (-) Equity Investments: | L11: $ M | M11: -541.435
C12: Conversion Units: | D12: # | E12: 1000 | I12: (+) Debt: | L12: $ M | M12: 7580.078
I13: (+) Finance Leases: | L13: $ M | M13: 0
C14: Current Share Price: | D14: $ / Share | E14: 40.96 | I14: (+) Noncontrolling Interests: | L14: $ M | M14: 150.368
C15: Diluted Units Outstanding: | D15: M Shares | E15: 382.455 | I15: (+) Asset Retirement Obligations: | L15: $ M | M15: 383.025
C16: Bbl to Mcfe Conversion Factor: | D16: # | E16: 6 | I16: (+) Unfunded Pensions: | L16: $ M | M16: 0
I17: (+) Preferred Stock: | L17: $ M | M17: 0
C18: Effective Tax Rate (Book Taxes): | D18: % | E18: 0.01 | I18: Current Enterprise Value: | L18: $ M | M18: =SUM(M8:M17) -> 22146.929
C19: Maintenance CapEx Split (Historical): | D19: % | E19: =1/3 -> 0.33333333
E21: Historical: | I21: Projected: | U21: Historical | V21: Projected
B22: Assumptions and Drivers: | D22: =$D$6 -> Units: | E22: =EOMONTH(F22,-12) -> 44561 | F22: =EOMONTH(G22,-12) -> 44926 | G22: =EOMONTH(H22,-12) -> 45291 | H22: =Hist_Year -> 45657 | I22: =EOMONTH(H22,12) -> 46022 | J22: =EOMONTH(I22,12) -> 46387 | K22: =EOMONTH(J22,12) -> 46752 | L22: =EOMONTH(K22,12) -> 47118 | M22: =EOMONTH(L22,12) -> 47483 | N22: =EOMONTH(M22,12) -> 47848 | O22: =EOMONTH(N22,12) -> 48213 | P22: =EOMONTH(O22,12) -> 48579 | ... R22: =EOMONTH(Q22,12) -> 49309 | U22: CAGR: | V22: CAGR:
C23: Revenue, Gross Margins, and Per-Unit Rates:
C24: Natural Gas: | D24: $ M | E24: 1536.163 | F24: 1676.732 | G24: 1738.125 | H24: 2073.533 | I24: =I28*I40*(I22-H22)/Units -> 2248.1671 | J24: =J28*J40*(J22-I22)/Units -> 2405.7991 | K24: =K28*K40*(K22-J22)/Units -> 2574.1922 | L24: =L28*L40*(L22-K22)/Units -> 2735.298 | M24: =M28*M40*(M22-L22)/Units -> 2890.2842 | N24: =N28*N40*(N22-M22)/Units -> 3047.1853 | O24: =O28*O40*(O22-N22)/Units -> 3217.0659 | P24: =P28*P40*(P22-O22)/Units -> 3405.7226 | ... R24: =R28*R40*(R22-Q22)/Units -> 3785.6742
C25: Crude Oil, NGLs, and Water: | D25: $ M | E25: 485.212 | F25: 591.68 | G25: 627.985 | H25: 737.67 | I25: =I31*I43*(I22-H22)/Units -> 804.57699 | J25: =J31*J43*(J22-I22)/Units -> 892.83777 | K25: =K31*K43*(K22-J22)/Units -> 985.85058 | L25: =L31*L43*(L22-K22)/Units -> 1091.2605 | M25: =M31*M43*(M22-L22)/Units -> 1195.3638 | N25: =N31*N43*(N22-M22)/Units -> 1274.1383 | O25: =O31*O43*(O22-N22)/Units -> 1351.6059 | P25: =P31*P43*(P22-O22)/Units -> 1430.7997 | ... R25: =R31*R43*(R22-Q22)/Units -> 1574.945
C26: Total Gross Margin: | D26: $ M | E26: =SUM(E24:E25) -> 2021.375 | F26: =SUM(F24:F25) -> 2268.412 | G26: =SUM(G24:G25) -> 2366.11 | H26: =SUM(H24:H25) -> 2811.203 | I26: =SUM(I24:I25) -> 3052.7441 | J26: =SUM(J24:J25) -> 3298.6369 | K26: =SUM(K24:K25) -> 3560.0428 | L26: =SUM(L24:L25) -> 3826.5584 | ... R26: =SUM(R24:R25) -> 5360.6192 | U26: =(H26/E26)^(1/YEARFRAC(E$22,H$22))-1 -> 0.1162165 | V26: =(R26/H26)^(1/YEARFRAC(H$22,R$22))-1 -> 0.066675389
C28: Natural Gas - per Mcf: | D28: $ / Mcf | E28: =E24*Units/(E40*(E$22-EOMONTH(E$22,-12))) -> 0.9780771 | F28: =F24*Units/(F40*(F$22-EOMONTH(F$22,-12))) -> 1.0521728 | G28: =G24*Units/(G40*(G$22-EOMONTH(G$22,-12))) -> 1.0367921 | H28: =H24*Units/(H40*(H$22-EOMONTH(H$22,-12))) -> 1.0840778 | I28: =H28*(1+I29) -> 1.1166002 | J28: =I28*(1+J29) -> 1.1500982 | K28: =J28*(1+K29) -> 1.1846011 | L28: =K28*(1+L29) -> 1.2201391 | M28: =L28*(1+M29) -> 1.2567433 | N28: =M28*(1+N29) -> 1.2881619 | O28: =N28*(1+O29) -> 1.3203659 | P28: =O28*(1+P29) -> 1.3533751 | ... R28: =Q28*(1+R29) -> 1.4218897 | U28: =(H28/E28)^(1/YEARFRAC(E$22,H$22))-1 -> 0.034893812 | V28: =(R28/H28)^(1/YEARFRAC(H$22,R$22))-1 -> 0.027496959
C29: Annual Growth Rate: | D29: % | E29: 0.02955484 | F29: =F28/E28-1 -> 0.075756471 | G29: =G28/F28-1 -> -0.014617967 | H29: =H28/G28-1 -> 0.04560768 | I29: 0.03 | J29: 0.03 | K29: 0.03 | L29: 0.03 | M29: 0.03 | N29: 0.025 | O29: 0.025 | P29: 0.025 | Q29: 0.025 | R29: 0.025
C31: Crude Oil, NGLs, and Water - per Bbl: | D31: $ / Bbl | E31: =E25*Units/(E43*(E$22-EOMONTH(E$22,-12))) -> 0.95705396 | F31: =F25*Units/(F43*(F$22-EOMONTH(F$22,-12))) -> 1.0505775 | G31: =G25*Units/(G43*(G$22-EOMONTH(G$22,-12))) -> 1.0156475 | H31: =H25*Units/(H43*(H$22-EOMONTH(H$22,-12))) -> 1.1940117 | I31: =H31*(1+I32) -> 1.2656524 | J31: =I31*(1+J32) -> 1.3415916 | K31: =J31*(1+K32) -> 1.4153791 | L31: =K31*(1+L32) -> 1.493225 | M31: =L31*(1+M32) -> 1.5678862 | N31: =M31*(1+N32) -> 1.6384411 | O31: =N31*(1+O32) -> 1.7039787 | P31: =O31*(1+P32) -> 1.763618 | ... R31: =Q31*(1+R32) -> 1.8710223 | U31: =(H31/E31)^(1/YEARFRAC(E$22,H$22))-1 -> 0.076524844 | V31: =(R31/H31)^(1/YEARFRAC(H$22,R$22))-1 -> 0.04594064
C32: Annual Growth Rate: | D32: % | E32: -0.12518006 | F32: =F31/E31-1 -> 0.097720251 | G32: =G31/F31-1 -> -0.033248397 | H32: =H31/G31-1 -> 0.17561629 | I32: 0.06 | J32: 0.06 | K32: 0.055 | L32: 0.055 | M32: 0.05 | N32: 0.045 | O32: 0.04 | P32: 0.035 | Q32: 0.03 | R32: 0.03
C34: Gross Margin: | D34: $ M | E34: =E26 -> 2021.375 | F34: =F26 -> 2268.412 | G34: =G26 -> 2366.11 | H34: =H26 -> 2811.203 | I34: =I26 -> 3052.7441 | J34: =J26 -> 3298.6369 | K34: =K26 -> 3560.0428 | L34: =L26 -> 3826.5584 | ... R34: =R26 -> 5360.6192
C35: (+) Estimated Cost of Product: | D35: $ M | E35: =E37-E36-E34 -> 304.151 | F35: =F37-F36-F34 -> 400.944 | G35: =G37-G36-G34 -> 139.698 | H35: =H37-H36-H34 -> 143.592 | I35: =I73*I34 -> 152.6372 | J35: =J73*J34 -> 164.93184 | K35: =K73*K34 -> 178.00214 | L35: =L73*L34 -> 191.32792 | M35: =M73*M34 -> 204.2824 | N35: =N73*N34 -> 216.06618 | O35: =O73*O34 -> 228.43359 | P35: =P73*P34 -> 241.82611 | ... R35: =R73*R34 -> 268.03096
C36: (+) Depreciation & Amortization: | D36: $ M | E36: =-E99 -> 551.629 | F36: =-F99 -> 582.365 | G36: =-G99 -> 600.668 | H36: =-H99 -> 650.428 | I36: =I80*I56 -> 679.71968 | J36: =J80*J56 -> 712.21835 | K36: =K80*K56 -> 746.21303 | L36: =L80*L56 -> 781.94233 | M36: =M80*M56 -> 814.81073 | N36: =N80*N56 -> 845.21952 | O36: =O80*O56 -> 874.41836 | P36: =P80*P56 -> 907.00202 | ... R36: =R80*R56 -> 967.56433
C37: Total Revenue: | D37: $ M | E37: =E93 -> 2877.155 | F37: =F93 -> 3251.721 | G37: =G93 -> 3106.476 | H37: =H93 -> 3605.223 | I37: =SUM(I34:I36) -> 3885.101 | J37: =SUM(J34:J36) -> 4175.7871 | K37: =SUM(K34:K36) -> 4484.258 | L37: =SUM(L34:L36) -> 4799.8287 | M37: =SUM(M34:M36) -> 5104.7412 | N37: =SUM(N34:N36) -> 5382.6094 | O37: =SUM(O34:O36) -> 5671.5238 | P37: =SUM(P34:P36) -> 5985.3504 | ... R37: =SUM(R34:R36) -> 6596.2145 | U37: =(H37/E37)^(1/YEARFRAC(E$22,H$22))-1 -> 0.078093162 | V37: =(R37/H37)^(1/YEARFRAC(H$22,R$22))-1 -> 0.062273295
C39: Average Daily Throughput by Segment: | E39: =$E$22 -> 44561 | F39: =$F$22 -> 44926 | G39: =$G$22 -> 45291 | H39: =$H$22 -> 45657 | I39: =$I$22 -> 46022 | J39: =$J$22 -> 46387 | K39: =$K$22 -> 46752 | L39: =$L$22 -> 47118 | M39: =$M$22 -> 47483 | N39: =$N$22 -> 47848 | O39: =$O$22 -> 48213 | P39: =$P$22 -> 48579 | Q39: =$Q$22 -> 48944 | R39: =$R$22 -> 49309
C40: Natural Gas: | D40: Mmcf / d | E40: 4303 | F40: 4366 | G40: 4593 | H40: 5226 | I40: =I49*I58 -> 5516.175 | J40: =J49*J58 -> 5731.0155 | K40: =K49*K58 -> 5953.5496 | L40: =L49*L58 -> 6125.1143 | M40: =M49*M58 -> 6300.8784 | N40: =N49*N58 -> 6480.9035 | O40: =O49*O58 -> 6675.3306 | P40: =P49*P58 -> 6875.5905 | ... R40: =R49*R58 -> 7294.314 | U40: =(H40/E40)^(1/YEARFRAC(E$22,H$22))-1 -> 0.066922039 | V40: =(R40/H40)^(1/YEARFRAC(H$22,R$22))-1 -> 0.03390707
C41: Annual Growth Rate: | D41: % | E41: -0.029325513 | F41: =F40/E40-1 -> 0.014640948 | G41: =G40/F40-1 -> 0.051992671 | H41: =H40/G40-1 -> 0.13781842 | I41: =I40/H40-1 -> 0.055525258 | J41: =J40/I40-1 -> 0.038947368 | K41: =K40/J40-1 -> 0.038829787 | L41: =L40/K40-1 -> 0.028817204 | M41: =M40/L40-1 -> 0.028695652 | ... R41: =R40/Q40-1 -> 0.03
C43: Crude Oil, NGLs, and Water: | D43: MBbl / d | E43: 1389 | F43: 1543 | G43: 1694 | H43: 1688 | I43: =I52*I59 -> 1741.6476 | J43: =J52*J59 -> 1823.3052 | K43: =K52*K59 -> 1908.2947 | L43: =L52*L59 -> 1996.7427 | M43: =M52*M59 -> 2088.78 | N43: =N52*N59 -> 2130.5556 | O43: =O52*O59 -> 2173.1667 | P43: =P52*P59 -> 2216.6301 | ... R43: =R52*R59 -> 2306.1819 | U43: =(H43/E43)^(1/YEARFRAC(E$22,H$22))-1 -> 0.067144914 | V43: =(R43/H43)^(1/YEARFRAC(H$22,R$22))-1 -> 0.031696868
C44: Annual Growth Rate: | D44: % | E44: -0.024578652 | F44: =F43/E43-1 -> 0.11087113 | G44: =G43/F43-1 -> 0.097861309 | H44: =H43/G43-1 -> -0.0035419126 | I44: =I43/H43-1 -> 0.031781754 | J44: =J43/I43-1 -> 0.046885246 | K44: =K43/J43-1 -> 0.046612903 | L44: =L43/K43-1 -> 0.046349206 | M44: =M43/L43-1 -> 0.04609375 | ... R44: =R43/Q43-1 -> 0.02
C46: "Gas-Equivalent" Daily Throughput: | D46: Mmcfe / d | E46: =E40+E43*Bbl_to_Mcfe -> 12637 | F46: =F40+F43*Bbl_to_Mcfe -> 13624 | G46: =G40+G43*Bbl_to_Mcfe -> 14757 | H46: =H40+H43*Bbl_to_Mcfe -> 15354 | I46: =I40+I43*Bbl_to_Mcfe -> 15966.061 | J46: =J40+J43*Bbl_to_Mcfe -> 16670.847 | K46: =K40+K43*Bbl_to_Mcfe -> 17403.318 | L46: =L40+L43*Bbl_to_Mcfe -> 18105.57 | ... R46: =R40+R43*Bbl_to_Mcfe -> 21131.406 | U46: =(H46/E46)^(1/YEARFRAC(E$22,H$22))-1 -> 0.067069034 | V46: =(R46/H46)^(1/YEARFRAC(H$22,R$22))-1 -> 0.032453938
C48: Average Daily Capacity by Segment: | E48: =$E$22 -> 44561 | F48: =$F$22 -> 44926 | G48: =$G$22 -> 45291 | H48: =$H$22 -> 45657 | I48: =$I$22 -> 46022 | J48: =$J$22 -> 46387 | K48: =$K$22 -> 46752 | L48: =$L$22 -> 47118 | M48: =$M$22 -> 47483 | N48: =$N$22 -> 47848 | O48: =$O$22 -> 48213 | P48: =$P$22 -> 48579 | Q48: =$Q$22 -> 48944 | R48: =$R$22 -> 49309
C49: Natural Gas: | D49: Mmcf / d | E49: 4995 | F49: 5060 | G49: 5200 | H49: 5530 | I49: =H49*(1+I50) -> 5806.5 | J49: =I49*(1+J50) -> 6096.825 | K49: =J49*(1+K50) -> 6401.6663 | L49: =K49*(1+L50) -> 6657.7329 | M49: =L49*(1+M50) -> 6924.0422 | N49: =M49*(1+N50) -> 7201.0039 | O49: =N49*(1+O50) -> 7417.034 | P49: =O49*(1+P50) -> 7639.545 | ... R49: =Q49*(1+R50) -> 8104.7933 | U49: =(H49/E49)^(1/YEARFRAC(E$22,H$22))-1 -> 0.034498534 | V49: =(R49/H49)^(1/YEARFRAC(H$22,R$22))-1 -> 0.038966827
C50: Annual Growth Rate: | D50: % | E50: -0.1032316 | F50: =F49/E49-1 -> 0.013013013 | G50: =G49/F49-1 -> 0.027667984 | H50: =H49/G49-1 -> 0.063461538 | I50: 0.05 | J50: 0.05 | K50: 0.05 | L50: 0.04 | M50: 0.04 | N50: 0.04 | O50: 0.03 | P50: 0.03 | Q50: 0.03 | R50: 0.03
C52: Crude Oil, NGLs, and Water: | D52: MBbl / d | E52: 2114 | F52: 2209 | G52: 2669 | H52: 2772 | I52: =H52*(1+I53) -> 2855.16 | J52: =I52*(1+J53) -> 2940.8148 | K52: =J52*(1+K53) -> 3029.0392 | L52: =K52*(1+L53) -> 3119.9104 | M52: =L52*(1+M53) -> 3213.5077 | N52: =M52*(1+N53) -> 3277.7779 | O52: =N52*(1+O53) -> 3343.3334 | P52: =O52*(1+P53) -> 3410.2001 | ... R52: =Q52*(1+R53) -> 3547.9722 | U52: =(H52/E52)^(1/YEARFRAC(E$22,H$22))-1 -> 0.094534397 | V52: =(R52/H52)^(1/YEARFRAC(H$22,R$22))-1 -> 0.024987805
C53: Annual Growth Rate: | D53: % | E53: 0.19165727 | F53: =F52/E52-1 -> 0.044938505 | G53: =G52/F52-1 -> 0.20823902 | H53: =H52/G52-1 -> 0.038591233 | I53: 0.03 | J53: 0.03 | K53: 0.03 | L53: 0.03 | M53: 0.03 | N53: 0.02 | O53: 0.02 | P53: 0.02 | Q53: 0.02 | R53: 0.02
C55: "Gas-Equivalent" Daily Capacity: | D55: Mmcfe / d | E55: =E49+E52*Bbl_to_Mcfe -> 17679 | F55: =F49+F52*Bbl_to_Mcfe -> 18314 | G55: =G49+G52*Bbl_to_Mcfe -> 21214 | H55: =H49+H52*Bbl_to_Mcfe -> 22162 | I55: =I49+I52*Bbl_to_Mcfe -> 22937.46 | J55: =J49+J52*Bbl_to_Mcfe -> 23741.714 | K55: =K49+K52*Bbl_to_Mcfe -> 24575.902 | L55: =L49+L52*Bbl_to_Mcfe -> 25377.195 | ... R55: =R49+R52*Bbl_to_Mcfe -> 29392.627
C56: "Gas-Equivalent" Annual Capacity: | D56: Bcfe / y | E56: =E55*(E22-EOMONTH(E22,-12))/Units -> 6452.835 | F56: =F55*(F22-EOMONTH(F22,-12))/Units -> 6684.61 | G56: =G55*(G22-EOMONTH(G22,-12))/Units -> 7743.11 | H56: =H55*(H22-EOMONTH(H22,-12))/Units -> 8111.292 | I56: =I55*(I22-EOMONTH(I22,-12))/Units -> 8372.1729 | J56: =J55*(J22-EOMONTH(J22,-12))/Units -> 8665.7255 | K56: =K55*(K22-EOMONTH(K22,-12))/Units -> 8970.2041 | L56: =L55*(L22-EOMONTH(L22,-12))/Units -> 9288.0535 | ... R56: =R55*(R22-EOMONTH(R22,-12))/Units -> 10728.309
C58: Natural Gas Utilization Rate: | D58: % | E58: =E40/E49 -> 0.86146146 | F58: =F40/F49 -> 0.86284585 | G58: =G40/G49 -> 0.88326923 | H58: =H40/H49 -> 0.94502712 | I58: 0.95 | J58: 0.94 | K58: 0.93 | L58: 0.92 | M58: 0.91 | N58: 0.9 | O58: 0.9 | P58: 0.9 | Q58: 0.9 | R58: 0.9
C59: Crude Oil, NGLs, and Water Utilization Rate: | D59: % | E59: =E43/E52 -> 0.65704825 | F59: =F43/F52 -> 0.69850611 | G59: =G43/G52 -> 0.63469464 | H59: =H43/H52 -> 0.60894661 | I59: 0.61 | J59: 0.62 | K59: 0.63 | L59: 0.64 | M59: 0.65 | N59: 0.65 | O59: 0.65 | P59: 0.65 | Q59: 0.65 | R59: 0.65
C61: Capital Expenditures: | E61: =$E$22 -> 44561 | F61: =$F$22 -> 44926 | G61: =$G$22 -> 45291 | H61: =$H$22 -> 45657 | I61: =$I$22 -> 46022 | J61: =$J$22 -> 46387 | K61: =$K$22 -> 46752 | L61: =$L$22 -> 47118 | M61: =$M$22 -> 47483 | N61: =$N$22 -> 47848 | O61: =$O$22 -> 48213 | P61: =$P$22 -> 48579 | Q61: =$Q$22 -> 48944 | R61: =$R$22 -> 49309
C62: Maintenance CapEx: | D62: $ M | E62: =-E185*Maint_CapEx_Pct -> 104.558 | F62: =-F185*Maint_CapEx_Pct -> 162.40933 | G62: =-G185*Maint_CapEx_Pct -> 245.02667 | H62: =-H185*Maint_CapEx_Pct -> 277.952 | I62: =I63*H56 -> 305.72694 | J62: =J63*I56 -> 331.33793 | K62: =K63*J56 -> 360.10338 | L62: =L63*K56 -> 387.6662 | M62: =M63*L56 -> 417.45884 | N62: =N63*M56 -> 447.096 | O62: =O63*N56 -> 472.15262 | P62: =P63*O56 -> 497.34696 | ... R62: =R63*Q56 -> 551.87162 | U62: =(H62/E62)^(1/YEARFRAC(E$22,H$22))-1 -> 0.38527983 | V62: =(R62/H62)^(1/YEARFRAC(H$22,R$22))-1 -> 0.070993478
C63: Maintenance CapEx per Total Capacity: | D63: $ / Mcfe / y | E63: 0.017667465 | F63: =F62/E56 -> 0.025168679 | G63: =G62/F56 -> 0.036655342 | H63: =H62/G56 -> 0.035896688 | I63: =H63*(1+I64) -> 0.037691522 | J63: =I63*(1+J64) -> 0.039576098 | K63: =J63*(1+K64) -> 0.041554903 | L63: =K63*(1+L64) -> 0.043217099 | M63: =L63*(1+M64) -> 0.044945783 | N63: =M63*(1+N64) -> 0.046743614 | O63: =N63*(1+O64) -> 0.048145923 | P63: =O63*(1+P64) -> 0.0495903 | ... R63: =Q63*(1+R64) -> 0.05261035
C64: Growth Rate: | D64: % | F64: =F63/E63-1 -> 0.42457786 | G64: =G63/F63-1 -> 0.4563872 | H64: =H63/G63-1 -> -0.020696973 | I64: 0.05 | J64: 0.05 | K64: 0.05 | L64: 0.04 | M64: 0.04 | N64: 0.04 | O64: 0.03 | P64: 0.03 | Q64: 0.03 | R64: 0.03
C66: Growth CapEx: | D66: $ M | E66: =-E185*(1-Maint_CapEx_Pct) -> 209.116 | F66: =-F185*(1-Maint_CapEx_Pct) -> 324.81867 | G66: =-G185*(1-Maint_CapEx_Pct) -> 490.05333 | H66: =-H185*(1-Maint_CapEx_Pct) -> 555.904 | I66: =I68*I69 -> 452.97827 | J66: =J68*J69 -> 575.96954 | K66: =K68*K69 -> 663.12174 | L66: =L68*L69 -> 761.46613 | M66: =M68*M69 -> 722.81602 | N66: =N68*N69 -> 682.04393 | O66: =O68*O69 -> 671.16995 | P66: =P68*P69 -> 818.07607 | ... R66: =R68*R69 -> 841.13654 | U66: =(H66/E66)^(1/YEARFRAC(E$22,H$22))-1 -> 0.38527983 | V66: =(R66/H66)^(1/YEARFRAC(H$22,R$22))-1 -> 0.042285437
C68: Capacity Growth from CapEx: | D68: Bcfe / y | E68: 534.725 | F68: =F56-E56 -> 231.775 | G68: =G56-F56 -> 1058.5 | H68: =H56-G56 -> 368.182 | I68: =I56-H56 -> 260.8809 | J68: =J56-I56 -> 293.55264 | K68: =K56-J56 -> 304.47859 | L68: =L56-K56 -> 317.8494 | M68: =M56-L56 -> 276.80382 | ... R68: =R56-Q56 -> 238.51671
C69: Growth CapEx per Capacity Growth Unit: | D69: $ / Mcfe / y | E69: =E66/E68 -> 0.39107205 | F69: =F66/F68 -> 1.4014396 | G69: =G66/G68 -> 0.46296961 | H69: =H66/H68 -> 1.509862 | I69: =H69*(1+I70) -> 1.7363413 | J69: =I69*(1+J70) -> 1.9620656 | K69: =J69*(1+K70) -> 2.1778928 | L69: =K69*(1+L70) -> 2.3956821 | M69: =L69*(1+M70) -> 2.6112935 | N69: =M69*(1+N70) -> 2.820197 | O69: =N69*(1+O70) -> 3.0176108 | P69: =O69*(1+P70) -> 3.1986674 | ... R69: =Q69*(1+R70) -> 3.5265309
C70: Growth Rate: | D70: % | F70: =F69/E69-1 -> 2.5835842 | G70: =G69/F69-1 -> -0.66964712 | H70: =H69/G69-1 -> 2.261255 | I70: 0.15 | J70: 0.13 | K70: 0.11 | L70: 0.1 | M70: 0.09 | N70: 0.08 | O70: 0.07 | P70: 0.06 | Q70: 0.05 | R70: 0.05
C72: Partial IS and CFS Forecasts: | E72: =$E$22 -> 44561 | F72: =$F$22 -> 44926 | G72: =$G$22 -> 45291 | H72: =$H$22 -> 45657 | I72: =$I$22 -> 46022 | J72: =$J$22 -> 46387 | K72: =$K$22 -> 46752 | L72: =$L$22 -> 47118 | M72: =$M$22 -> 47483 | N72: =$N$22 -> 47848 | O72: =$O$22 -> 48213 | P72: =$P$22 -> 48579 | Q72: =$Q$22 -> 48944 | R72: =$R$22 -> 49309
C73: Cost of Product % Gross Margin: | D73: % | E73: =E35/E34 -> 0.15046738 | F73: =F35/F34 -> 0.17675096 | G73: =G35/G34 -> 0.059041211 | H73: =H35/H34 -> 0.051078488 | I73: 0.05 | J73: =I73 -> 0.05 | K73: =J73 -> 0.05 | L73: =K73 -> 0.05 | M73: =L73 -> 0.05 | N73: =M73 -> 0.05 | O73: =N73 -> 0.05 | P73: =O73 -> 0.05 | Q73: =P73 -> 0.05 | R73: =Q73 -> 0.05
C75: O&M per Annual Capacity: | D75: $ / Mcfe / y | E75: =-E96/E56 -> 0.090084436 | F75: =-F96/F56 -> 0.097921345 | G75: =-G96/G56 -> 0.098478518 | H75: =-H96/H56 -> 0.10856076 | I75: =H75+0.0035 -> 0.11206076 | J75: =I75+0.0035 -> 0.11556076 | K75: =J75+0.0035 -> 0.11906076 | L75: =K75+0.0035 -> 0.12256076 | M75: =L75+0.0035 -> 0.12606076 | N75: =M75+0.0035 -> 0.12956076 | O75: =N75+0.0035 -> 0.13306076 | P75: =O75+0.0035 -> 0.13656076 | ... R75: =Q75+0.0035 -> 0.14356076
C77: G&A % Revenue: | D77: % | E77: =-E97/E93 -> 0.067966098 | F77: =-F97/F93 -> 0.059665943 | G77: =-G97/G93 -> 0.074886141 | H77: =-H97/H93 -> 0.07531462 | I77: 0.076 | J77: 0.076 | K77: 0.077 | L77: 0.077 | M77: 0.078 | N77: 0.078 | O77: 0.079 | P77: 0.079 | Q77: 0.08 | R77: 0.08
C78: Property & Other Taxes % Revenue: | D78: % | E78: =-E98/E93 -> 0.022336996 | F78: =-F98/F93 -> 0.024159207 | G78: =-G98/G93 -> 0.018174291 | H78: =-H98/H93 -> 0.017382559 | I78: 0.016 | J78: 0.015 | K78: 0.014 | L78: 0.013 | M78: 0.013 | N78: 0.013 | O78: 0.013 | P78: 0.013 | Q78: 0.013 | R78: 0.013
C80: D&A per Annual Capacity: | D80: $ / Mcfe / y | E80: =-E99/E56 -> 0.085486302 | F80: =-F99/F56 -> 0.087120266 | G80: =-G99/G56 -> 0.077574515 | H80: =-H99/H56 -> 0.080187965 | I80: =H80+0.001 -> 0.081187965 | J80: =I80+0.001 -> 0.082187965 | K80: =J80+0.001 -> 0.083187965 | L80: =K80+0.001 -> 0.084187965 | M80: =L80+0.001 -> 0.085187965 | N80: =M80+0.001 -> 0.086187965 | O80: =N80+0.001 -> 0.087187965 | P80: =O80+0.001 -> 0.088187965 | ... R80: =Q80+0.001 -> 0.090187965
C82: Deferred Income Taxes % Book Taxes: | D82: % | E82: 0.99622718 | F82: 0.47743014 | G82: 0.23808438 | H82: 0.78466126 | I82: =AVERAGE(E82:H82) -> 0.62410074 | J82: =I82 -> 0.62410074 | K82: =J82 -> 0.62410074 | L82: =K82 -> 0.62410074 | M82: =L82 -> 0.62410074 | N82: =M82 -> 0.62410074 | O82: =N82 -> 0.62410074 | P82: =O82 -> 0.62410074 | Q82: =P82 -> 0.62410074 | R82: =Q82 -> 0.62410074
C83: Accretion of ARO % Revenue: | D83: % | E83: =E178/E93 -> 0.0026536631 | F83: =F178/F93 -> 0.0021963754 | G83: =G178/G93 -> 0.0026238735 | H83: =H178/H93 -> 0.0025623935 | I83: =AVERAGE(E83:H83) -> 0.0025090764 | J83: =I83 -> 0.0025090764 | K83: =J83 -> 0.0025090764 | L83: =K83 -> 0.0025090764 | M83: =L83 -> 0.0025090764 | N83: =M83 -> 0.0025090764 | O83: =N83 -> 0.0025090764 | P83: =O83 -> 0.0025090764 | Q83: =P83 -> 0.0025090764 | R83: =Q83 -> 0.0025090764
C85: Cash Interest Expense % EBITDA: | D85: % | E85: =-E113/E$112 -> 0.21872569 | F85: =-F113/F$112 -> 0.17476205 | G85: =-G113/G$112 -> 0.18343149 | H85: =-H113/H$112 -> 0.16993124 | I85: 0.15740272 | J85: 0.15604897 | K85: 0.14401084 | L85: 0.13295092 | M85: 0.13567399 | N85: 0.12715093 | O85: 0.11859661 | P85: 0.10998135 | Q85: 0.10356776 | R85: 0.09584304
C86: Cash Taxes % EBITDA: | D86: % | E86: =-E114/E$112 -> -2.149427e-05 | F86: =-F114/F$112 -> 0.0011450575 | G86: =-G114/G$112 -> 0.0017598947 | H86: =-H114/H$112 -> 0.0017508826 | I86: 0.002122754 | J86: 0.0021570251 | K86: 0.0022282937 | L86: 0.0022925761 | M86: 0.0023008163 | N86: 0.0023476518 | O86: 0.0023955871 | P86: 0.0024438022 | Q86: 0.00248103 | R86: 0.0025246828
C88: Distributions from/to Eq. Inv. and NCI % EBITDA: | D88: % | E88: =E116/E$112 -> 0.10336188 | F88: =F116/F$112 -> 0.070108608 | G88: =G116/G$112 -> 0.053772396 | H88: =H116/H$112 -> 0.023601 | I88: 0.020695754 | J88: 0.018453376 | K88: 0.015813488 | L88: 0.013246504 | M88: 0.011553132 | N88: 0.0093410758 | O88: 0.0087395843 | P88: 0.0080782492 | Q88: 0.0076307098 | R88: 0.0070269727
E90: =$E$21 -> Historical: | I90: =$I$21 -> Projected: | U90: Historical | V90: Projected
B91: Partial Income Statement: | D91: =$D$22 -> Units: | E91: =$E$22 -> 44561 | F91: =$F$22 -> 44926 | G91: =$G$22 -> 45291 | H91: =$H$22 -> 45657 | I91: =$I$22 -> 46022 | J91: =$J$22 -> 46387 | K91: =$K$22 -> 46752 | L91: =$L$22 -> 47118 | M91: =$M$22 -> 47483 | N91: =$N$22 -> 47848 | O91: =$O$22 -> 48213 | P91: =$P$22 -> 48579 | Q91: =$Q$22 -> 48944 | R91: =$R$22 -> 49309 | U91: CAGR: | V91: CAGR:
C93: Total Revenue: | D93: $ M | E93: 2877.155 | F93: 3251.721 | G93: 3106.476 | H93: 3605.223 | I93: =I37 -> 3885.101 | J93: =J37 -> 4175.7871 | K93: =K37 -> 4484.258 | L93: =L37 -> 4799.8287 | M93: =M37 -> 5104.7412 | N93: =N37 -> 5382.6094 | O93: =O37 -> 5671.5238 | P93: =P37 -> 5985.3504 | ... R93: =R37 -> 6596.2145 | U93: =(H93/E93)^(1/YEARFRAC(E$22,H$22,))-1 -> 0.078093162 | V93: =(R93/H93)^(1/YEARFRAC(R$22,H$22,))-1 -> 0.062273295
C95: (-) Cost of Product: | D95: $ M | E95: -322.285 | F95: -420.9 | G95: -164.598 | H95: -172.251 | I95: =-I35 -> -152.6372 | J95: =-J35 -> -164.93184 | K95: =-K35 -> -178.00214 | L95: =-L35 -> -191.32792 | M95: =-M35 -> -204.2824 | N95: =-N35 -> -216.06618 | O95: =-O35 -> -228.43359 | P95: =-P35 -> -241.82611 | ... R95: =-R35 -> -268.03096
C96: (-) Operations & Maintenance: | D96: $ M | E96: -581.3 | F96: -654.566 | G96: -762.53 | H96: -880.568 | I96: =-I75*I56 -> -938.19203 | J96: =-J75*J56 -> -1001.4178 | K96: =-K75*K56 -> -1067.9993 | L96: =-L75*L56 -> -1138.3509 | M96: =-M75*M56 -> -1205.7532 | N96: =-N75*N56 -> -1270.5635 | O96: =-O75*O56 -> -1334.482 | P96: =-P75*P56 -> -1404.51 | ... R96: =-R75*R56 -> -1540.1641
C97: (-) General & Administrative: | D97: $ M | E97: -195.549 | F97: -194.017 | G97: -232.632 | H97: -271.526 | I97: =-I93*I77 -> -295.26767 | J97: =-J93*J77 -> -317.35982 | K97: =-K93*K77 -> -345.28787 | L97: =-L93*L77 -> -369.58681 | M97: =-M93*M77 -> -398.16981 | N97: =-N93*N77 -> -419.84353 | O97: =-O93*O77 -> -448.05038 | P97: =-P93*P77 -> -472.84268 | ... R97: =-R93*R77 -> -527.69716
C98: (-) Property & Other Taxes: | D98: $ M | E98: -64.267 | F98: -78.559 | G98: -56.458 | H98: -62.668 | I98: =-I93*I78 -> -62.161615 | J98: =-J93*J78 -> -62.636806 | K98: =-K93*K78 -> -62.779612 | L98: =-L93*L78 -> -62.397773 | M98: =-M93*M78 -> -66.361635 | N98: =-N93*N78 -> -69.973922 | O98: =-O93*O78 -> -73.729809 | P98: =-P93*P78 -> -77.809555 | ... R98: =-R93*R78 -> -85.750788
C99: (-) Depreciation & Amortization: | D99: $ M | E99: -551.629 | F99: -582.365 | G99: -600.668 | H99: -650.428 | I99: =-I36 -> -679.71968 | J99: =-J36 -> -712.21835 | K99: =-K36 -> -746.21303 | L99: =-L36 -> -781.94233 | M99: =-M36 -> -814.81073 | N99: =-N36 -> -845.21952 | O99: =-O36 -> -874.41836 | P99: =-P36 -> -907.00202 | ... R99: =-R36 -> -967.56433
C100: (-) Asset Impairments: | D100: $ M | E100: -30.543 | F100: -20.585 | G100: -52.884 | H100: -6.206 | I100: 0 | J100: =I100 -> 0 | K100: =J100 -> 0 | L100: =K100 -> 0 | M100: =L100 -> 0 | N100: =M100 -> 0 | O100: =N100 -> 0 | P100: =O100 -> 0 | Q100: =P100 -> 0 | R100: =Q100 -> 0
C101: (+) Gains / (-) Losses: | D101: $ M | E101: 0.044 | F101: 103.676 | G101: -10.102 | H101: 296.771 | I101: 0 | J101: =I101 -> 0 | K101: =J101 -> 0 | L101: =K101 -> 0 | M101: =L101 -> 0 | N101: =M101 -> 0 | O101: =N101 -> 0 | P101: =O101 -> 0 | Q101: =P101 -> 0 | R101: =Q101 -> 0
C102: Total COGS and Operating Expenses: | D102: $ M | E102: =SUM(E95:E101) -> -1745.529 | F102: =SUM(F95:F101) -> -1847.316 | G102: =SUM(G95:G101) -> -1879.872 | H102: =SUM(H95:H101) -> -1746.876 | I102: =SUM(I95:I101) -> -2127.9782 | J102: =SUM(J95:J101) -> -2258.5646 | K102: =SUM(K95:K101) -> -2400.2819 | L102: =SUM(L95:L101) -> -2543.6057 | ... R102: =SUM(R95:R101) -> -3389.2074
C104: Operating Income: | D104: $ M | E104: =E93+E102 -> 1131.626 | F104: =F93+F102 -> 1404.405 | G104: =G93+G102 -> 1226.604 | H104: =H93+H102 -> 1858.347 | I104: =I93+I102 -> 1757.1228 | J104: =J93+J102 -> 1917.2224 | K104: =K93+K102 -> 2083.9761 | L104: =L93+L102 -> 2256.223 | ... R104: =R93+R102 -> 3207.0071 | U104: =(H104/E104)^(1/YEARFRAC(E$22,H$22,))-1 -> 0.17979884 | V104: =(R104/H104)^(1/YEARFRAC(R$22,H$22,))-1 -> 0.0560812
C106: EBITDA: | D106: $ M | E106: =E93+SUM(E95:E98)+E178 -> 1721.389 | F106: =F93+SUM(F95:F98)+F178 -> 1910.821 | G106: =G93+SUM(G95:G98)+G178 -> 1898.409 | H106: =H93+SUM(H95:H98)+H178 -> 2227.448 | I106: =I93+SUM(I95:I98)+I178 -> 2446.5905 | J106: =J93+SUM(J95:J98)+J178 -> 2639.9182 | K106: =K93+SUM(K95:K98)+K178 -> 2841.4404 | L106: =L93+SUM(L95:L98)+L178 -> 3050.2084 | ... R106: =R93+SUM(R95:R98)+R178 -> 4191.1219 | U106: =(H106/E106)^(1/YEARFRAC(E$22,H$22,))-1 -> 0.089706438 | V106: =(R106/H106)^(1/YEARFRAC(R$22,H$22,))-1 -> 0.065251787
C107: Margin: | D107: % | E107: =E106/E93 -> 0.59829554 | F107: =F106/F93 -> 0.58763375 | G107: =G106/G93 -> 0.61111336 | H107: =H106/H93 -> 0.61783917 | I107: =I106/I93 -> 0.62973665 | J107: =J106/J93 -> 0.63219655 | K107: =K106/K93 -> 0.63364785 | L107: =L106/L93 -> 0.63548277 | ... R107: =R106/R93 -> 0.6353829
E109: =$E$21 -> Historical: | I109: =$I$21 -> Projected: | U109: Historical | V109: Projected
B110: Distribution Estimates: | D110: =$D$22 -> Units: | E110: =$E$22 -> 44561 | F110: =$F$22 -> 44926 | G110: =$G$22 -> 45291 | H110: =$H$22 -> 45657 | I110: =$I$22 -> 46022 | J110: =$J$22 -> 46387 | K110: =$K$22 -> 46752 | L110: =$L$22 -> 47118 | M110: =$M$22 -> 47483 | N110: =$N$22 -> 47848 | O110: =$O$22 -> 48213 | P110: =$P$22 -> 48579 | Q110: =$Q$22 -> 48944 | R110: =$R$22 -> 49309 | U110: CAGR: | V110: CAGR:
C112: EBITDA: | D112: $ M | E112: =E106 -> 1721.389 | F112: =F106 -> 1910.821 | G112: =G106 -> 1898.409 | H112: =H106 -> 2227.448 | I112: =I106 -> 2446.5905 | J112: =J106 -> 2639.9182 | K112: =K106 -> 2841.4404 | L112: =L106 -> 3050.2084 | ... R112: =R106 -> 4191.1219 | U112: =(H112/E112)^(1/YEARFRAC(E$22,H$22,))-1 -> 0.089706438 | V112: =(R112/H112)^(1/YEARFRAC(R$22,H$22,))-1 -> 0.065251787
C113: (-) Cash Interest Expense: | D113: $ M | E113: -376.512 | F113: -333.939 | G113: -348.228 | H113: -378.513 | I113: =-I85*I112 -> -385.1 | J113: =-J85*J112 -> -411.95651 | K113: =-K85*K112 -> -409.19821 | L113: =-L85*L112 -> -405.52802 | M113: =-M85*M112 -> -439.98835 | N113: =-N85*N112 -> -434.81392 | O113: =-O85*O112 -> -427.0733 | P113: =-P85*P112 -> -418.30082 | ... R113: =-R85*R112 -> -401.68986
C114: (-) Cash Taxes: | D114: $ M | E114: 0.037 | F114: -2.188 | G114: -3.341 | H114: -3.9 | I114: =-I86*I112 -> -5.1935097 | J114: =-J86*J112 -> -5.6943698 | K114: =-K86*K112 -> -6.3315638 | L114: =-L86*L112 -> -6.992835 | M114: =-M86*M112 -> -7.4615066 | N114: =-N86*N112 -> -8.0281888 | O114: =-O86*O112 -> -8.6266488 | P114: =-P86*P112 -> -9.2947075 | ... R114: =-R86*R112 -> -10.581253
C115: (-) Maintenance CapEx: | D115: $ M | E115: =-E62 -> -104.558 | F115: =-F62 -> -162.40933 | G115: =-G62 -> -245.02667 | H115: =-H62 -> -277.952 | I115: =-I62 -> -305.72694 | J115: =-J62 -> -331.33793 | K115: =-K62 -> -360.10338 | L115: =-L62 -> -387.6662 | ... R115: =-R62 -> -551.87162
C116: (+/-) Distributions from/to Eq. Inv. and NCI: | D116: $ M | E116: 177.926 | F116: 133.965 | G116: 102.082 | H116: 52.57 | I116: =I88*I112 -> 50.634033 | J116: =J88*J112 -> 48.715402 | K116: =K88*K112 -> 44.933084 | L116: =L88*L112 -> 40.404597 | M116: =M88*M112 -> 37.466603 | N116: =N88*N112 -> 31.943374 | O116: =O88*O112 -> 31.471753 | P116: =P88*P112 -> 30.724649 | ... R116: =R88*R112 -> 29.450899
C117: Distributable Cash Flow (DCF): | D117: $ M | E117: =SUM(E112:E116) -> 1418.282 | F117: =SUM(F112:F116) -> 1546.2497 | G117: =SUM(G112:G116) -> 1403.8953 | H117: =SUM(H112:H116) -> 1619.653 | I117: =SUM(I112:I116) -> 1801.204 | J117: =SUM(J112:J116) -> 1939.6447 | K117: =SUM(K112:K116) -> 2110.7404 | L117: =SUM(L112:L116) -> 2290.426 | ... R117: =SUM(R112:R116) -> 3256.43 | U117: =(H117/E117)^(1/YEARFRAC(E$22,H$22,))-1 -> 0.045249085 | V117: =(R117/H117)^(1/YEARFRAC(R$22,H$22,))-1 -> 0.072338694
C119: Distributions to Limited Partners: | D119: $ M | E119: 522.269 | F119: 719.201 | G119: 955.834 | H119: 1217.075 | I119: =I117/I120 -> 1266.0423 | J119: =J117/J120 -> 1305.3289 | K119: =K117/K120 -> 1358.7463 | L119: =L117/L120 -> 1493.3925 | M119: =M117/M120 -> 1589.0359 | N119: =N117/N120 -> 1703.1287 | O119: =O117/O120 -> 1827.8415 | P119: =P117/P120 -> 1966.8842 | ... R119: =R117/R120 -> 2234.7823
C120: Distribution Coverage Ratio (DCR): | D120: x | E120: =E117/E119 -> 2.7156159 | F120: =F117/F119 -> 2.1499548 | G120: =G117/G119 -> 1.4687648 | H120: =H117/H119 -> 1.330775 | I120: 1.4227044 | J120: 1.4859433 | K120: 1.553447 | L120: 1.5337067 | M120: 1.5201294 | N120: 1.5040983 | O120: 1.490653 | P120: 1.4790712 | Q120: 1.4673023 | R120: 1.4571576
B123: DCF Assumptions & Output:
C125: Discount Rate (WACC): | D125: =WACC -> 0.091948551
C127: Terminal Value - Multiples Method: | F127: Terminal Value - Perpetuity Growth Method:
C129: Median Forward TEV / EBITDA of Comps: | D129: =Pub_Comps!O35 -> 8.5291422 | F129: Expected Long-Term GDP Growth: | I129: 0.015
C130: Forward TEV / EBITDA of Subject Company: | D130: =Pub_Comps!O39 -> 9.0521602
C132: Baseline Terminal EBITDA Multiple: | D132: 8.5 | F132: Baseline Terminal FCF Growth Rate: | I132: 0.012150573
C133: Baseline Terminal Value: | D133: =D132*R191 -> 35624.536 | F133: Baseline Terminal Value: | I133: =R188*(1+I132)/($D$125-I132) -> 35624.536
C134: Implied Terminal FCF Growth Rate: | D134: =(D133*$D$125-R188)/(D133+R188) -> 0.012150573 | F134: Implied Terminal EBITDA Multiple: | I134: =I133/R191 -> 8.5
C136: (+) PV of Terminal Value: | D136: =D133/((1+$D$125)^(YEAR($R$159)-YEAR($H$159))) -> 14781.804 | F136: (+) PV of Terminal Value: | I136: =I133/((1+$D$125)^(YEAR($R$159)-YEAR($H$159))) -> 14781.804
C137: (+) PV of UFCFs: | D137: =NPV($D$125,$I$188:$R$188) -> 13494.383 | F137: (+) PV of UFCFs: | I137: =NPV($D$125,$I$188:$R$188) -> 13494.383
C138: Implied Enterprise Value: | D138: =SUM(D136:D137) -> 28276.187 | F138: Implied Enterprise Value: | I138: =SUM(I136:I137) -> 28276.187
C140: % of Implied TEV from Terminal Value: | D140: =D136/D138 -> 0.52276512 | F140: % of Implied TEV from Terminal Value: | I140: =I136/I138 -> 0.52276512
C142: (+) Cash & Investments: | D142: =-$M$9 -> 1090.464 | F142: =$C$142 -> (+) Cash & Investments: | I142: =-$M$9 -> 1090.464
...

Sheet Pub_Comps
B2: Comparable Public Companies - U.S.-Based Midstream MLPs with LTM EBITDA Between $500 Million and $5 Billion
B3: =WES!$B$3 -> ($ in Millions USD Except Per Share Amounts in USD as Stated and Per Unit Figures)
B5: =WACC!$B$11 -> Company Name | F5: =WACC!$D$11 -> Beta | G5: =WACC!$K$11 -> Tax Rate | H5: =WACC!$I$11 -> Eq Val | I5: =WACC!$E$11 -> Debt | J5: =WACC!$G$11 -> Pref | O5: =#REF! -> #REF! | P5: =#REF! -> #REF! | R5: =#REF! -> #REF! | S5: =#REF! -> #REF! | W5: =#REF! -> #REF! | X5: =#REF! -> #REF!
B6: Operating Statistics: | H6: Capitalization | Y6: Forward | Z6: Forward | AA6: Distrib.
D7: Share | E7: LP Diluted | H7: Equity | K7: Other & | L7: Cash & Non- | M7: Enterprise | N7: EBITDA: | Q7: Distributable Cash Flow (DCF): | T7: Distributions: | W7: 2-Year CAGR | Y7: DCF | Z7: Distrib. | AA7: Coverage
B8: Company Name | C8: Ticker | D8: Price | E8: Units | F8: Beta | G8: Tax Rate | H8: Value | I8: Debt | J8: Preferred | K8: NCI | L8: Core Assets | M8: Value | N8: LTM | O8: ="CY "&TEXT(WES!$I$22,"yy") -> CY 25 | P8: ="CY "&TEXT(WES!$J$22,"yy") -> CY 26 | Q8: LTM | R8: ="CY "&TEXT(WES!$I$22,"yy") -> CY 25 | S8: ="CY "&TEXT(WES!$J$22,"yy") -> CY 26 | T8: LTM | U8: ="CY "&TEXT(WES!$I$22,"yy") -> CY 25 | V8: ="CY "&TEXT(WES!$J$22,"yy") -> CY 26 | W8: EBITDA | X8: DCF | Y8: Yield: | Z8: Yield: | AA8: Ratio:
B9: Cheniere Energy Partners, L.P. | C9: NYSE:CQP | D9: 66.04 | E9: 484.04812 | F9: 0.55 | G9: 0 | H9: =D9*E9 -> 31966.538 | I9: 14803 | J9: 0 | K9: -2330 | L9: -379 | M9: =SUM(H9:L9) -> 44060.538 | N9: 3960 | O9: 3802.34 | P9: 3784.61 | Q9: 2578.1 | R9: 2475.4578 | S9: 2463.9149 | T9: 1677 | U9: 1597.3588 | V9: 1589.9105 | W9: =IFERROR((P9/N9)^(1/2)-1,"N/A") -> -0.022395992 | X9: =IFERROR((S9/Q9)^(1/2)-1,"N/A") -> -0.022395992 | Y9: =IFERROR(IF(OR(R9/$H9<=0,R9/$H9>=1),"NM",R9/$H9),"N/A") -> 0.077439032 | Z9: =IFERROR(IF(OR(U9/$H9<=0,U9/$H9>=1),"NM",U9/$H9),"N/A") -> 0.049969715 | AA9: =IFERROR(Q9/T9, "N/A") -> 1.5373286
B10: Plains All American Pipeline, L.P. | C10: NasdaqGS:PAA | D10: 20 | E10: 703.77595 | F10: 1.14 | G10: 0.15234375 | H10: =D10*E10 -> 14075.519 | I10: 7108 | J10: 2301 | K10: 3413 | L10: -3159 | M10: =SUM(H10:L10) -> 23738.519 | N10: 2773 | O10: 2939.38 | P10: 2936.4406 | Q10: 1720 | R10: 1823.2 | S10: 1821.3768 | T10: 891 | U10: 1069.7394 | V10: 1175.3058 | W10: =IFERROR((P10/N10)^(1/2)-1,"N/A") -> 0.029048104 | X10: =IFERROR((S10/Q10)^(1/2)-1,"N/A") -> 0.029048104 | Y10: =IFERROR(IF(OR(R10/$H10<=0,R10/$H10>=1),"NM",R10/$H10),"N/A") -> 0.12952986 | Z10: =IFERROR(IF(OR(U10/$H10<=0,U10/$H10>=1),"NM",U10/$H10),"N/A") -> 0.076 | AA10: =IFERROR(Q10/T10,"N/A") -> 1.9304153
B11: Hess Midstream LP | C11: NYSE:HESM | D11: 42.29 | E11: 116.7369 | F11: 1.1 | G11: 0.098248495 | H11: =D11*E11 -> 4936.8035 | I11: 3421.2 | J11: 0 | K11: -46 | L11: -159.4 | M11: =SUM(H11:L11) -> 8152.6035 | N11: 1122.1 | O11: 1265.98 | P11: 1402.07 | Q11: 467.138 | R11: 527.03624 | S11: 583.69145 | T11: 235.3 | U11: 247.065 | V11: 259.41825 | W11: =IFERROR((P11/N11)^(1/2)-1,"N/A") -> 0.11781277 | X11: =IFERROR((S11/Q11)^(1/2)-1,"N/A") -> 0.11781277 | Y11: =IFERROR(IF(OR(R11/$H11<=0,R11/$H11>=1),"NM",R11/$H11),"N/A") -> 0.10675658 | Z11: =IFERROR(IF(OR(U11/$H11<=0,U11/$H11>=1),"NM",U11/$H11),"N/A") -> 0.050045541 | AA11: =IFERROR(Q11/T11, "N/A") -> 1.9852869
B12: Genesis Energy, L.P. | C12: NYSE:GEL | D12: 15.69 | E12: 122.42431 | F12: 1.36 | G12: 0.012 | H12: =D12*E12 -> 1920.8374 | I12: 4107.153 | J12: 813.589 | K12: 667.226 | L12: -269.92 | M12: =SUM(H12:L12) -> 7238.8854 | N12: 569.257 | O12: 605 | P12: 708 | Q12: 179.001 | R12: 190.24027 | S12: 222.62828 | T12: 75.317 | U12: 77.57651 | V12: 79.12804 | W12: =IFERROR((P12/N12)^(1/2)-1,"N/A") -> 0.11522485 | X12: =IFERROR((S12/Q12)^(1/2)-1,"N/A") -> 0.11522485 | Y12: =IFERROR(IF(OR(R12/$H12<=0,R12/$H12>=1),"NM",R12/$H12),"N/A") -> 0.099040276 | Z12: =IFERROR(IF(OR(U12/$H12<=0,U12/$H12>=1),"NM",U12/$H12),"N/A") -> 0.040386817 | AA12: =IFERROR(Q12/T12, "N/A") -> 2.3766348
B13: NGL Energy Partners LP | C13: NYSE:NGL | D13: 4.54 | E13: 132.01277 | F13: 1.2 | G13: 0.005136175 | H13: =D13*E13 -> 599.33796 | I13: 3153.666 | J13: 899.456 | K13: 31.318 | L13: -29.552 | M13: =SUM(H13:L13) -> 4654.226 | N13: 505.264 | O13: 545.68512 | P13: 583.88308 | Q13: -314.05 | R13: -273.62888 | S13: -235.43092 | T13: 0 | U13: 0 | V13: 0 | W13: =IFERROR((P13/N13)^(1/2)-1,"N/A") -> 0.074988372 | X13: =IFERROR((S13/Q13)^(1/2)-1,"N/A") -> -0.13417055 | Y13: =IFERROR(IF(OR(R13/$H13<=0,R13/$H13>=1),"NM",R13/$H13),"N/A") -> NM | Z13: =IFERROR(IF(OR(U13/$H13<=0,U13/$H13>=1),"NM",U13/$H13),"N/A") -> NM | AA13: =IFERROR(Q13/T13, "N/A") -> N/A
B15: Maximum | F15: =MAX(F9:F13) -> 1.36 | G15: =MAX(G9:G13) -> 0.15234375 | H15: =MAX(H9:H13) -> 31966.538 | M15: =MAX(M9:M13) -> 44060.538 | N15: =MAX(N9:N13) -> 3960 | O15: =MAX(O9:O13) -> 3802.34 | P15: =MAX(P9:P13) -> 3784.61 | Q15: =MAX(Q9:Q13) -> 2578.1 | R15: =MAX(R9:R13) -> 2475.4578 | S15: =MAX(S9:S13) -> 2463.9149 | T15: =MAX(T9:T13) -> 1677 | ... AA15: =MAX(AA9:AA13) -> 2.3766348
B16: 75th Percentile | F16: =QUARTILE(F9:F13,3) -> 1.2 | G16: =QUARTILE(G9:G13,3) -> 0.098248495 | H16: =QUARTILE(H9:H13,3) -> 14075.519 | M16: =QUARTILE(M9:M13,3) -> 23738.519 | N16: =QUARTILE(N9:N13,3) -> 2773 | O16: =QUARTILE(O9:O13,3) -> 2939.38 | P16: =QUARTILE(P9:P13,3) -> 2936.4406 | Q16: =QUARTILE(Q9:Q13,3) -> 1720 | R16: =QUARTILE(R9:R13,3) -> 1823.2 | S16: =QUARTILE(S9:S13,3) -> 1821.3768 | T16: =QUARTILE(T9:T13,3) -> 891 | ... AA16: =QUARTILE(AA9:AA13,3) -> 2.0831238
B17: Median | F17: =MEDIAN(F9:F13) -> 1.14 | G17: =MEDIAN(G9:G13) -> 0.012 | H17: =MEDIAN(H9:H13) -> 4936.8035 | M17: =MEDIAN(M9:M13) -> 8152.6035 | N17: =MEDIAN(N9:N13) -> 1122.1 | O17: =MEDIAN(O9:O13) -> 1265.98 | P17: =MEDIAN(P9:P13) -> 1402.07 | Q17: =MEDIAN(Q9:Q13) -> 467.138 | R17: =MEDIAN(R9:R13) -> 527.03624 | S17: =MEDIAN(S9:S13) -> 583.69145 | T17: =MEDIAN(T9:T13) -> 235.3 | ... AA17: =MEDIAN(AA9:AA13) -> 1.9578511
B18: 25th Percentile | F18: =QUARTILE(F9:F13,1) -> 1.1 | G18: =QUARTILE(G9:G13,1) -> 0.005136175 | H18: =QUARTILE(H9:H13,1) -> 1920.8374 | M18: =QUARTILE(M9:M13,1) -> 7238.8854 | N18: =QUARTILE(N9:N13,1) -> 569.257 | O18: =QUARTILE(O9:O13,1) -> 605 | P18: =QUARTILE(P9:P13,1) -> 708 | Q18: =QUARTILE(Q9:Q13,1) -> 179.001 | R18: =QUARTILE(R9:R13,1) -> 190.24027 | S18: =QUARTILE(S9:S13,1) -> 222.62828 | T18: =QUARTILE(T9:T13,1) -> 75.317 | ... AA18: =QUARTILE(AA9:AA13,1) -> 1.8321436
B19: Minimum | F19: =MIN(F9:F13) -> 0.55 | G19: =MIN(G9:G13) -> 0 | H19: =MIN(H9:H13) -> 599.33796 | M19: =MIN(M9:M13) -> 4654.226 | N19: =MIN(N9:N13) -> 505.264 | O19: =MIN(O9:O13) -> 545.68512 | P19: =MIN(P9:P13) -> 583.88308 | Q19: =MIN(Q9:Q13) -> -314.05 | R19: =MIN(R9:R13) -> -273.62888 | S19: =MIN(S9:S13) -> -235.43092 | T19: =MIN(T9:T13) -> 0 | ... AA19: =MIN(AA9:AA13) -> 1.5373286
B21: =Company_Name -> Western Midstream Partners, LP | C21: =Ticker -> NYSE:WES | D21: =Share_Price -> 40.96 | E21: =Diluted_Shares -> 382.455 | F21: 2.33 | G21: =Tax_Rate -> 0.01 | H21: =D21*E21 -> 15665.357 | I21: =WES!M12+WES!M13 -> 7580.078 | J21: =WES!M17 -> 0 | K21: =WES!M14+WES!M15+WES!M16 -> 533.393 | L21: =WES!M9+WES!M10+WES!M11 -> -1631.899 | M21: =SUM(H21:L21) -> 22146.929 | N21: =WES!H112 -> 2227.448 | O21: =WES!I112 -> 2446.5905 | P21: =WES!J112 -> 2639.9182 | Q21: =WES!H117 -> 1619.653 | R21: =WES!I117 -> 1801.204 | S21: =WES!J117 -> 1939.6447 | T21: =WES!H119 -> 1217.075 | U21: =WES!I119 -> 1266.0423 | V21: =WES!J119 -> 1305.3289 | W21: =IFERROR((P21/N21)^(1/2)-1,"N/A") -> 0.08865794 | X21: =IFERROR((S21/Q21)^(1/2)-1,"N/A") -> 0.094334541 | Y21: =IFERROR(IF(OR(R21/$H21<=0,R21/$H21>=1),"NM",R21/$H21),"N/A") -> 0.11498008 | Z21: =IFERROR(IF(OR(U21/$H21<=0,U21/$H21>=1),"NM",U21/$H21),"N/A") -> 0.080817969 | AA21: =IFERROR(Q21/T21, "N/A") -> 1.330775
O23: =#REF! -> #REF! | P23: =#REF! -> #REF! | R23: =#REF! -> #REF! | S23: =#REF! -> #REF!
B24: Valuation Statistics: | H24: Capitalization | N24: Enterprise Value / | Q24: Equity Value /
H25: Equity | M25: Enterprise | N25: EBITDA | Q25: Distributable Cash Flow
B26: Company Name | H26: Value | M26: Value | N26: =$N$8 -> LTM | O26: =$O$8 -> CY 25 | P26: =$P$8 -> CY 26 | Q26: =$Q$8 -> LTM | R26: =$R$8 -> CY 25 | S26: =$S$8 -> CY 26
B27: =B9 -> Cheniere Energy Partners, L.P. | C27: =C9 -> NYSE:CQP | H27: =H9 -> 31966.538 | M27: =M9 -> 44060.538 | N27: =IFERROR(IF(OR($M9/N9<0,$M9/N9>=100),"NM",$M9/N9),"N/A") -> 11.126398 | O27: =IFERROR(IF(OR($M9/O9<0,$M9/O9>=100),"NM",$M9/O9),"N/A") -> 11.587743 | P27: =IFERROR(IF(OR($M9/P9<0,$M9/P9>=100),"NM",$M9/P9),"N/A") -> 11.642029 | Q27: =IFERROR(IF(OR($H9/Q9<0,$H9/Q9>=100),"NM",$H9/Q9),"N/A") -> 12.399262 | R27: =IFERROR(IF(OR($H9/R9<0,$H9/R9>=100),"NM",$H9/R9),"N/A") -> 12.913385 | S27: =IFERROR(IF(OR($H9/S9<0,$H9/S9>=100),"NM",$H9/S9),"N/A") -> 12.973881
B28: =B10 -> Plains All American Pipeline, L.P. | C28: =C10 -> NasdaqGS:PAA | H28: =H10 -> 14075.519 | M28: =M10 -> 23738.519 | N28: =IFERROR(IF(OR($M10/N10<0,$M10/N10>=100),"NM",$M10/N10),"N/A") -> 8.5605911 | O28: =IFERROR(IF(OR($M10/O10<0,$M10/O10>=100),"NM",$M10/O10),"N/A") -> 8.0760293 | P28: =IFERROR(IF(OR($M10/P10<0,$M10/P10>=100),"NM",$M10/P10),"N/A") -> 8.0841134 | Q28: =IFERROR(IF(OR($H10/Q10<0,$H10/Q10>=100),"NM",$H10/Q10),"N/A") -> 8.1834413 | R28: =IFERROR(IF(OR($H10/R10<0,$H10/R10>=100),"NM",$H10/R10),"N/A") -> 7.7202276 | S28: =IFERROR(IF(OR($H10/S10<0,$H10/S10>=100),"NM",$H10/S10),"N/A") -> 7.7279556
B29: =B11 -> Hess Midstream LP | C29: =C11 -> NYSE:HESM | H29: =H11 -> 4936.8035 | M29: =M11 -> 8152.6035 | N29: =IFERROR(IF(OR($M11/N11<0,$M11/N11>=100),"NM",$M11/N11),"N/A") -> 7.2654875 | O29: =IFERROR(IF(OR($M11/O11<0,$M11/O11>=100),"NM",$M11/O11),"N/A") -> 6.4397569 | P29: =IFERROR(IF(OR($M11/P11<0,$M11/P11>=100),"NM",$M11/P11),"N/A") -> 5.8146908 | Q29: =IFERROR(IF(OR($H11/Q11<0,$H11/Q11>=100),"NM",$H11/Q11),"N/A") -> 10.568191 | R29: =IFERROR(IF(OR($H11/R11<0,$H11/R11>=100),"NM",$H11/R11),"N/A") -> 9.3671044 | S29: =IFERROR(IF(OR($H11/S11<0,$H11/S11>=100),"NM",$H11/S11),"N/A") -> 8.4578993
B30: =B12 -> Genesis Energy, L.P. | C30: =C12 -> NYSE:GEL | H30: =H12 -> 1920.8374 | M30: =M12 -> 7238.8854 | N30: =IFERROR(IF(OR($M12/N12<0,$M12/N12>=100),"NM",$M12/N12),"N/A") -> 12.716375 | O30: =IFERROR(IF(OR($M12/O12<0,$M12/O12>=100),"NM",$M12/O12),"N/A") -> 11.9651 | P30: =IFERROR(IF(OR($M12/P12<0,$M12/P12>=100),"NM",$M12/P12),"N/A") -> 10.224414 | Q30: =IFERROR(IF(OR($H12/Q12<0,$H12/Q12>=100),"NM",$H12/Q12),"N/A") -> 10.730875 | R30: =IFERROR(IF(OR($H12/R12<0,$H12/R12>=100),"NM",$H12/R12),"N/A") -> 10.096902 | S30: =IFERROR(IF(OR($H12/S12<0,$H12/S12>=100),"NM",$H12/S12),"N/A") -> 8.6280027
B31: =B13 -> NGL Energy Partners LP | C31: =C13 -> NYSE:NGL | H31: =H13 -> 599.33796 | M31: =M13 -> 4654.226 | N31: =IFERROR(IF(OR($M13/N13<0,$M13/N13>=100),"NM",$M13/N13),"N/A") -> 9.2114735 | O31: =IFERROR(IF(OR($M13/O13<0,$M13/O13>=100),"NM",$M13/O13),"N/A") -> 8.5291422 | P31: =IFERROR(IF(OR($M13/P13<0,$M13/P13>=100),"NM",$M13/P13),"N/A") -> 7.9711609 | Q31: =IFERROR(IF(OR($H13/Q13<0,$H13/Q13>=100),"NM",$H13/Q13),"N/A") -> NM | R31: =IFERROR(IF(OR($H13/R13<0,$H13/R13>=100),"NM",$H13/R13),"N/A") -> NM | S31: =IFERROR(IF(OR($H13/S13<0,$H13/S13>=100),"NM",$H13/S13),"N/A") -> NM
B33: Maximum | H33: =MAX(H27:H31) -> 31966.538 | M33: =MAX(M27:M31) -> 44060.538 | N33: =MAX(N27:N31) -> 12.716375 | O33: =MAX(O27:O31) -> 11.9651 | P33: =MAX(P27:P31) -> 11.642029 | Q33: =MAX(Q27:Q31) -> 12.399262 | R33: =MAX(R27:R31) -> 12.913385 | S33: =MAX(S27:S31) -> 12.973881
B34: 75th Percentile | H34: =QUARTILE(H27:H31,3) -> 14075.519 | M34: =QUARTILE(M27:M31,3) -> 23738.519 | N34: =QUARTILE(N27:N31,3) -> 11.126398 | O34: =QUARTILE(O27:O31,3) -> 11.587743 | P34: =QUARTILE(P27:P31,3) -> 10.224414 | Q34: =QUARTILE(Q27:Q31,3) -> 11.147972 | R34: =QUARTILE(R27:R31,3) -> 10.801023 | S34: =QUARTILE(S27:S31,3) -> 9.7144722
B35: Median | H35: =MEDIAN(H27:H31) -> 4936.8035 | M35: =MEDIAN(M27:M31) -> 8152.6035 | N35: =MEDIAN(N27:N31) -> 9.2114735 | O35: =MEDIAN(O27:O31) -> 8.5291422 | P35: =MEDIAN(P27:P31) -> 8.0841134 | Q35: =MEDIAN(Q27:Q31) -> 10.649533 | R35: =MEDIAN(R27:R31) -> 9.7320034 | S35: =MEDIAN(S27:S31) -> 8.542951
B36: 25th Percentile | H36: =QUARTILE(H27:H31,1) -> 1920.8374 | M36: =QUARTILE(M27:M31,1) -> 7238.8854 | N36: =QUARTILE(N27:N31,1) -> 8.5605911 | O36: =QUARTILE(O27:O31,1) -> 8.0760293 | P36: =QUARTILE(P27:P31,1) -> 7.9711609 | Q36: =QUARTILE(Q27:Q31,1) -> 9.9720034 | R36: =QUARTILE(R27:R31,1) -> 8.9553852 | S36: =QUARTILE(S27:S31,1) -> 8.2754134
B37: Minimum | H37: =MIN(H27:H31) -> 599.33796 | M37: =MIN(M27:M31) -> 4654.226 | N37: =MIN(N27:N31) -> 7.2654875 | O37: =MIN(O27:O31) -> 6.4397569 | P37: =MIN(P27:P31) -> 5.8146908 | Q37: =MIN(Q27:Q31) -> 8.1834413 | R37: =MIN(R27:R31) -> 7.7202276 | S37: =MIN(S27:S31) -> 7.7279556
B39: =Company_Name -> Western Midstream Partners, LP | C39: =Ticker -> NYSE:WES | H39: =H21 -> 15665.357 | M39: =M21 -> 22146.929 | N39: =IFERROR(IF(OR($M21/N21<0,$M21/N21>=100),"NM",$M21/N21),"N/A") -> 9.9427366 | O39: =IFERROR(IF(OR($M21/O21<0,$M21/O21>=100),"NM",$M21/O21),"N/A") -> 9.0521602 | P39: =IFERROR(IF(OR($M21/P21<0,$M21/P21>=100),"NM",$M21/P21),"N/A") -> 8.3892483 | Q39: =IFERROR($H21/Q21,"N/A") -> 9.6720451 | R39: =IFERROR($H21/R21,"N/A") -> 8.6971584 | S39: =IFERROR($H21/S21,"N/A") -> 8.0764051

Sheet WACC
B2: ="WACC Analysis - "&Company_Name -> WACC Analysis - Western Midstream Partners, LP
B3: =WES!$B$3 -> ($ in Millions USD Except Per Share Amounts in USD as Stated and Per Unit Figures)
B5: Discount Rate Calculations - Assumptions:
B6: Risk-Free Rate: | F6: 0.0423
B7: Equity Risk Premium: | F7: 0.055
B8: Pre-Tax Cost of Debt: | F8: =S29 -> 0.057132743
B9: Cost of Preferred Stock: | F9: =MEDIAN(254/2301,87.576/813.589,276.356*(4/3)/(551.097+305.468+42.891)) -> 0.11038679
B11: Company Name | D11: Beta | E11: Debt | G11: Pref | I11: Eq Val | K11: Tax Rate
B12: Comparable Companies - Unlevered Beta Calculation: | O12: Cost of Debt Calculations:
D13: Levered | I13: Equity | L13: Unlevered
B14: Company Name | C14: Ticker | D14: Beta | E14: Debt | F14: % Debt | G14: Preferred | H14: % Preferred | I14: Value | J14: % Equity | K14: Tax Rate | L14: Beta | O14: Maturity: | P14: Coupon: | Q14: Principal: | R14: FV: | S14: YTM:
B15: =INDEX(Pub_Comps_Op_Range,MATCH(WACC!$C15,Pub_Comps_Op_Tickers,0),MATCH(WACC!B$11,Pub_Comps_Op_Params,0)) -> Cheniere Energy Partners, L.P. | C15: NYSE:CQP | D15: =INDEX(Pub_Comps_Op_Range,MATCH(WACC!$C15,Pub_Comps_Op_Tickers,0),MATCH(WACC!D$11,Pub_Comps_Op_Params,0)) -> 0.55 | E15: =INDEX(Pub_Comps_Op_Range,MATCH(WACC!$C15,Pub_Comps_Op_Tickers,0),MATCH(WACC!E$11,Pub_Comps_Op_Params,0)) -> 14803 | F15: =E15/($E15+$G15+$I15) -> 0.31650943 | G15: =INDEX(Pub_Comps_Op_Range,MATCH(WACC!$C15,Pub_Comps_Op_Tickers,0),MATCH(WACC!G$11,Pub_Comps_Op_Params,0)) -> 0 | H15: =G15/($E15+$G15+$I15) -> 0 | I15: =INDEX(Pub_Comps_Op_Range,MATCH(WACC!$C15,Pub_Comps_Op_Tickers,0),MATCH(WACC!I$11,Pub_Comps_Op_Params,0)) -> 31966.538 | J15: =I15/($E15+$G15+$I15) -> 0.68349057 | K15: =INDEX(Pub_Comps_Op_Range,MATCH(WACC!$C15,Pub_Comps_Op_Tickers,0),MATCH(WACC!K$11,Pub_Comps_Op_Params,0)) -> 0 | L15: =D15/(1+E15/I15*(1-K15)+G15/I15) -> 0.37591981 | O15: 45838 | P15: 0.031 | Q15: 663.831 | R15: 662.457 | S15: =YIELD(Val_Date,O15,P15,R15/Q15*100,100,2) -> 0.039057362
B16: =INDEX(Pub_Comps_Op_Range,MATCH(WACC!$C16,Pub_Comps_Op_Tickers,0),MATCH(WACC!B$11,Pub_Comps_Op_Params,0)) -> Plains All American Pipeline, L.P. | C16: NasdaqGS:PAA | D16: =INDEX(Pub_Comps_Op_Range,MATCH(WACC!$C16,Pub_Comps_Op_Tickers,0),MATCH(WACC!D$11,Pub_Comps_Op_Params,0)) -> 1.14 | E16: =INDEX(Pub_Comps_Op_Range,MATCH(WACC!$C16,Pub_Comps_Op_Tickers,0),MATCH(WACC!E$11,Pub_Comps_Op_Params,0)) -> 7108 | F16: =E16/($E16+$G16+$I16) -> 0.30266747 | G16: =INDEX(Pub_Comps_Op_Range,MATCH(WACC!$C16,Pub_Comps_Op_Tickers,0),MATCH(WACC!G$11,Pub_Comps_Op_Params,0)) -> 2301 | H16: =G16/($E16+$G16+$I16) -> 0.097979439 | I16: =INDEX(Pub_Comps_Op_Range,MATCH(WACC!$C16,Pub_Comps_Op_Tickers,0),MATCH(WACC!I$11,Pub_Comps_Op_Params,0)) -> 14075.519 | J16: =I16/($E16+$G16+$I16) -> 0.59935309 | K16: =INDEX(Pub_Comps_Op_Range,MATCH(WACC!$C16,Pub_Comps_Op_Tickers,0),MATCH(WACC!K$11,Pub_Comps_Op_Params,0)) -> 0.15234375 | L16: =D16/(1+E16/I16*(1-K16)+G16/I16) -> 0.71629031 | O16: 45838 | P16: 0.0395 | Q16: 336.758 | R16: 335.209 | S16: =YIELD(Val_Date,O16,P16,R16/Q16*100,100,2) -> 0.05759514
B17: =INDEX(Pub_Comps_Op_Range,MATCH(WACC!$C17,Pub_Comps_Op_Tickers,0),MATCH(WACC!B$11,Pub_Comps_Op_Params,0)) -> Hess Midstream LP | C17: NYSE:HESM | D17: =INDEX(Pub_Comps_Op_Range,MATCH(WACC!$C17,Pub_Comps_Op_Tickers,0),MATCH(WACC!D$11,Pub_Comps_Op_Params,0)) -> 1.1 | E17: =INDEX(Pub_Comps_Op_Range,MATCH(WACC!$C17,Pub_Comps_Op_Tickers,0),MATCH(WACC!E$11,Pub_Comps_Op_Params,0)) -> 3421.2 | F17: =E17/($E17+$G17+$I17) -> 0.4093322 | G17: =INDEX(Pub_Comps_Op_Range,MATCH(WACC!$C17,Pub_Comps_Op_Tickers,0),MATCH(WACC!G$11,Pub_Comps_Op_Params,0)) -> 0 | H17: =G17/($E17+$G17+$I17) -> 0 | I17: =INDEX(Pub_Comps_Op_Range,MATCH(WACC!$C17,Pub_Comps_Op_Tickers,0),MATCH(WACC!I$11,Pub_Comps_Op_Params,0)) -> 4936.8035 | J17: =I17/($E17+$G17+$I17) -> 0.5906678 | K17: =INDEX(Pub_Comps_Op_Range,MATCH(WACC!$C17,Pub_Comps_Op_Tickers,0),MATCH(WACC!K$11,Pub_Comps_Op_Params,0)) -> 0.098248495 | L17: =D17/(1+E17/I17*(1-K17)+G17/I17) -> 0.67695936 | O17: 47483 | P17: 0.07 | Q17: =10.956+23.329 -> 34.285 | R17: =Q17 -> 34.285 | S17: =YIELD(Val_Date,O17,P17,R17/Q17*100,100,2) -> 0.069962233
B18: =INDEX(Pub_Comps_Op_Range,MATCH(WACC!$C18,Pub_Comps_Op_Tickers,0),MATCH(WACC!B$11,Pub_Comps_Op_Params,0)) -> Genesis Energy, L.P. | C18: NYSE:GEL | D18: =INDEX(Pub_Comps_Op_Range,MATCH(WACC!$C18,Pub_Comps_Op_Tickers,0),MATCH(WACC!D$11,Pub_Comps_Op_Params,0)) -> 1.36 | E18: =INDEX(Pub_Comps_Op_Range,MATCH(WACC!$C18,Pub_Comps_Op_Tickers,0),MATCH(WACC!E$11,Pub_Comps_Op_Params,0)) -> 4107.153 | F18: =E18/($E18+$G18+$I18) -> 0.60032234 | G18: =INDEX(Pub_Comps_Op_Range,MATCH(WACC!$C18,Pub_Comps_Op_Tickers,0),MATCH(WACC!G$11,Pub_Comps_Op_Params,0)) -> 813.589 | H18: =G18/($E18+$G18+$I18) -> 0.1189183 | I18: =INDEX(Pub_Comps_Op_Range,MATCH(WACC!$C18,Pub_Comps_Op_Tickers,0),MATCH(WACC!I$11,Pub_Comps_Op_Params,0)) -> 1920.8374 | J18: =I18/($E18+$G18+$I18) -> 0.28075935 | K18: =INDEX(Pub_Comps_Op_Range,MATCH(WACC!$C18,Pub_Comps_Op_Tickers,0),MATCH(WACC!K$11,Pub_Comps_Op_Params,0)) -> 0.012 | L18: =D18/(1+E18/I18*(1-K18)+G18/I18) -> 0.38460335 | O18: 46203 | P18: 0.0465 | Q18: 440.505 | R18: 438.699 | S18: =YIELD(Val_Date,O18,P18,R18/Q18*100,100,2) -> 0.049864088
B19: =INDEX(Pub_Comps_Op_Range,MATCH(WACC!$C19,Pub_Comps_Op_Tickers,0),MATCH(WACC!B$11,Pub_Comps_Op_Params,0)) -> NGL Energy Partners LP | C19: NYSE:NGL | D19: =INDEX(Pub_Comps_Op_Range,MATCH(WACC!$C19,Pub_Comps_Op_Tickers,0),MATCH(WACC!D$11,Pub_Comps_Op_Params,0)) -> 1.2 | E19: =INDEX(Pub_Comps_Op_Range,MATCH(WACC!$C19,Pub_Comps_Op_Tickers,0),MATCH(WACC!E$11,Pub_Comps_Op_Params,0)) -> 3153.666 | F19: =E19/($E19+$G19+$I19) -> 0.67784914 | G19: =INDEX(Pub_Comps_Op_Range,MATCH(WACC!$C19,Pub_Comps_Op_Tickers,0),MATCH(WACC!G$11,Pub_Comps_Op_Params,0)) -> 899.456 | H19: =G19/($E19+$G19+$I19) -> 0.19332912 | I19: =INDEX(Pub_Comps_Op_Range,MATCH(WACC!$C19,Pub_Comps_Op_Tickers,0),MATCH(WACC!I$11,Pub_Comps_Op_Params,0)) -> 599.33796 | J19: =I19/($E19+$G19+$I19) -> 0.12882173 | K19: =INDEX(Pub_Comps_Op_Range,MATCH(WACC!$C19,Pub_Comps_Op_Tickers,0),MATCH(WACC!K$11,Pub_Comps_Op_Params,0)) -> 0.005136175 | L19: =D19/(1+E19/I19*(1-K19)+G19/I19) -> 0.15512616 | O19: 46934 | P19: 0.045 | Q19: 342.935 | R19: 336.207 | S19: =YIELD(Val_Date,O19,P19,R19/Q19*100,100,2) -> 0.051610137
O20: 46934 | P20: 0.0475 | Q20: 336.26 | R20: 330.483 | S20: =YIELD(Val_Date,O20,P20,R20/Q20*100,100,2) -> 0.053300747
B21: Median: | D21: =MEDIAN(D15:D19) -> 1.14 | E21: =MEDIAN(E15:E19) -> 4107.153 | F21: =MEDIAN(F15:F19) -> 0.4093322 | G21: =MEDIAN(G15:G19) -> 813.589 | H21: =MEDIAN(H15:H19) -> 0.097979439 | I21: =MEDIAN(I15:I19) -> 4936.8035 | J21: =MEDIAN(J15:J19) -> 0.5906678 | K21: =MEDIAN(K15:K19) -> 0.012 | L21: =MEDIAN(L15:L19) -> 0.38460335 | O21: 47299 | P21: 0.0635 | Q21: 600 | R21: 621.936 | S21: =YIELD(Val_Date,O21,P21,R21/Q21*100,100,2) -> 0.053735425
O22: 47664 | P22: 0.0405 | Q22: 1057.134 | R22: 992.321 | S22: =YIELD(Val_Date,O22,P22,R22/Q22*100,100,2) -> 0.054054567
B23: =Company_Name -> Western Midstream Partners, LP | C23: =Ticker -> NYSE:WES | D23: =INDEX(Pub_Comps_Op_Range,MATCH(WACC!$C23,Pub_Comps_Op_Tickers,0),MATCH(WACC!D$11,Pub_Comps_Op_Params,0)) -> 2.33 | O23: 48760 | P23: 0.0615 | Q23: 750 | R23: 764.76 | S23: =YIELD(Val_Date,O23,P23,R23/Q23*100,100,2) -> 0.058442304
O24: 49125 | P24: 0.0545 | Q24: 800 | R24: 772.536 | S24: =YIELD(Val_Date,O24,P24,R24/Q24*100,100,2) -> 0.059362415
B25: =TEXT(Company_Name,"")& " - Levered Beta & WACC Calculation:" -> Western Midstream Partners, LP - Levered Beta & WACC Calculation: | O25: 52778 | P25: 0.0545 | Q25: 600 | R25: 534.096 | S25: =YIELD(Val_Date,O25,P25,R25/Q25*100,100,2) -> 0.064536933
D26: Unlevered | I26: Equity | L26: Levered | O26: 54239 | P26: 0.053 | Q26: 700 | R26: 595.826 | S26: =YIELD(Val_Date,O26,P26,R26/Q26*100,100,2) -> 0.065549373
C27: Ticker | D27: Beta | E27: Debt | F27: % Debt | G27: Preferred | H27: % Preferred | I27: Value | J27: % Equity | K27: Tax Rate | L27: Beta | O27: 54239 | P27: 0.055 | Q27: 350 | R27: 304.003 | S27: =YIELD(Val_Date,O27,P27,R27/Q27*100,100,2) -> 0.066138001
B28: Current Capital Structure: | C28: =Ticker -> NYSE:WES | D28: =L21 -> 0.38460335 | E28: =INDEX(Pub_Comps_Op_Range,MATCH(WACC!$C28,Pub_Comps_Op_Tickers,0),MATCH(WACC!E$11,Pub_Comps_Op_Params,0)) -> 7580.078 | F28: =E28/($E28+$G28+$I28) -> 0.32608889 | G28: =INDEX(Pub_Comps_Op_Range,MATCH(WACC!$C28,Pub_Comps_Op_Tickers,0),MATCH(WACC!G$11,Pub_Comps_Op_Params,0)) -> 0 | H28: =G28/($E28+$G28+$I28) -> 0 | I28: =INDEX(Pub_Comps_Op_Range,MATCH(WACC!$C28,Pub_Comps_Op_Tickers,0),MATCH(WACC!I$11,Pub_Comps_Op_Params,0)) -> 15665.357 | J28: =I28/($E28+$G28+$I28) -> 0.67391111 | K28: =INDEX(Pub_Comps_Op_Range,MATCH(WACC!$C28,Pub_Comps_Op_Tickers,0),MATCH(WACC!K$11,Pub_Comps_Op_Params,0)) -> 0.01 | L28: =D28*(1+E28/I28*(1-K28)+G28/I28) -> 0.56884239 | O28: 54969 | P28: 0.0525 | Q28: 1000 | R28: 857.26 | S28: =YIELD(Val_Date,O28,P28,R28/Q28*100,100,2) -> 0.063961018
B29: "Optimal" Capital Structure: | C29: =Ticker -> NYSE:WES | D29: =L21 -> 0.38460335 | E29: =($E$28+$G$28+$I$28)*F29 -> 7237.5304 | F29: =1-H29-J29 -> 0.31135277 | G29: =($E$28+$G$28+$I$28)*H29 -> 2277.5747 | H29: =H21 -> 0.097979439 | I29: =($E$28+$G$28+$I$28)*J29 -> 13730.33 | J29: =J21 -> 0.5906678 | K29: =INDEX(Pub_Comps_Op_Range,MATCH(WACC!$C29,Pub_Comps_Op_Tickers,0),MATCH(WACC!K$11,Pub_Comps_Op_Params,0)) -> 0.01 | L29: =D29*(1+E29/I29*(1-K29)+G29/I29) -> 0.64910578 | O29: TOTAL: | P29: =SUMPRODUCT(P15:P28,Q15:Q28)/Q29 -> 0.049971552 | Q29: =SUM(Q15:Q28) -> 8011.708 | R29: =SUM(R15:R28) -> 7580.078 | S29: =SUMPRODUCT(S15:S28,Q15:Q28)/Q29 -> 0.057132743
B31: Cost of Equity Based on Comparables, Current Capital Structure: | L31: =RFR+ERP*L28 -> 0.073586331
B32: Cost of Equity Based on Comparables, "Optimal" Capital Structure: | L32: =RFR+ERP*L29 -> 0.078000818
B33: Cost of Equity Based on Historical Beta: | L33: =RFR+ERP*D23 -> 0.17045
B35: Average Cost of Equity Produced by All Methods: | L35: =AVERAGE(L31:L33) -> 0.10734572
B37: WACC, Current Capital Structure: | L37: =L31*J28+Cost_of_Debt*(1-Tax_Rate)*F28+Cost_of_Preferred*H28 -> 0.068034695
B38: WACC, "Optimal" Capital Structure: | L38: =L32*J29+Cost_of_Debt*(1-Tax_Rate)*F29+Cost_of_Preferred*H29 -> 0.07449876
B39: WACC, Current Capital Structure and Historical Cost of Equity: | L39: =L33*J28+Cost_of_Debt*(1-Tax_Rate)*F28+Cost_of_Preferred*H28 -> 0.1333122
B41: Average WACC Produced by All Methods: | L41: =AVERAGE(L37:L39) -> 0.091948551
